 Dungeon Crawl Stone Soup version 0.21.0-3-g78d12a8 (webtiles) character file.

34 pomescollege the Firebug (level 3, 0/24 HPs)
             Began as a Demonspawn Fire Elementalist on Jan 10, 2018.
             Slain by a worm (7 damage)
             ... on level 2 of the Dungeon.
             The game lasted 00:04:12 (1806 turns).

pomescollege the Firebug (DsFE)                     Turns: 1806, Time: 00:04:13

Health: 0/24       AC:  7    Str:  8    XL:     3   Next: 14%
Magic:  2/6        EV: 10    Int: 17    God:
Gold:   55         SH:  0    Dex: 13    Spells: 2/6 levels left

rFire    . . .     SeeInvis .   d - +0 club
rCold    . . .     Gourm    .   (no shield)
rNeg     + . .     Faith    .   f - +2 ring mail {rPois}
rPois    +         Spirit   .   (helmet restricted)
rElec    .         Reflect  .   (no cloak)
rCorr    .         Harm     .   (no gloves)
MR       .....                  (no boots)
Stlth    +.........             (no amulet)
HPRegen  0.08/turn              g - ring of positive energy
MPRegen  0.10/turn              (no ring)

@: very slightly contaminated, drained
A: horns 1
a: no special abilities


You were on level 2 of the Dungeon.
You were not hungry.

You visited 1 branch of the dungeon, and saw 2 of its levels.

You collected 55 gold pieces.

Inventory:

Hand Weapons
 d - a +0 club (weapon)
 j - a +2 dagger of draining
Armour
 a - a +0 robe
 f - a +2 ring mail of poison resistance (worn)
 i - a +0 leather armour
Jewellery
 g - a ring of positive energy (left hand)
Scrolls
 e - a scroll of magic mapping {unknown}
 h - a scroll of remove curse {unknown}
 k - a scroll of enchant weapon {unknown}
 l - a scroll of random uselessness {unknown}
 o - a scroll of enchant armour {unknown}
 p - a scroll of identify {unknown}
Potions
 m - a potion of lignification {unknown}
 n - a potion of invisibility {unknown}
Books
 b - a book of Flames

   Spells                             Type                      Level
   a - Flame Tongue                   Conjuration/Fire             1
   b - Throw Flame                    Conjuration/Fire             2
   c - Conjure Flame                  Conjuration/Fire             3
   d - Inner Flame                    Hexes/Fire                   3
   e - Sticky Flame                   Conjuration/Fire             4
   f - Fireball                       Conjuration/Fire             5
Comestibles
 c - 3 rations


   Skills:
 - Level 0.1 Maces & Flails
 - Level 2.2(2.1) Dodging
 - Level 1.9 Stealth
 + Level 2.2 Spellcasting
 * Level 1.5 Conjurations
 * Level 3.1 Fire Magic


You had 2 spell levels left.
You knew the following spells:

 Your Spells              Type           Power        Failure   Level  Hunger
a - Flame Tongue          Conj/Fire      #....        22%         1    #......
b - Inner Flame           Hex/Fire       #.......     67%         3    ###....


Dungeon Overview and Level Annotations

Branches:
Dungeon (2/15)

Altars:


Innate Abilities, Weirdness & Mutations

You have a pair of small horns on your head.


Message History

Confirm with . or Enter, or press ? or * to list all spells.
Aiming: Flame Tongue
Press: ? - help, Shift-Dir - straight line, f - worm
Aim: a worm The flame tongue hits the worm.
The worm is lightly wounded.
The worm bites you.
* * * LOW HITPOINT WARNING * * *
Casting: Flame Tongue
Confirm with . or Enter, or press ? or * to list all spells.
Aiming: Flame Tongue
Press: ? - help, Shift-Dir - straight line, f/p - worm
Aim: a worm (lightly wounded)
You miscast Flame Tongue.
You are very lightly contaminated with residual magic.
Lukewarm flames ripple over your body.
You hit the worm.
The worm is lightly wounded.
The worm bites you!
You die...

.......!........#
...............#
.##...........#
#..w........#
##..........### ..
#............. ...
#.........#.##.
...###..####........
#........#@....##.###
#.......†w.#..###.# #####
#............## #. #...#
..........#######.####<<.#
#.#.......# #......)....#
. #..##..#####.##....#...#
##..#..#...............#
##......##............#
+#................####


You could see a worm.

Vanquished Creatures
  A dart slug (D:1)
  2 leopard geckos (D:1)
  A giant cockroach (D:1)
  5 goblins
  A hobgoblin (D:1)
  3 jackals (D:1)
  5 bats
  4 kobolds
  6 rats
28 creatures vanquished.

Notes
Turn   | Place    | Note
-------+----------+-------------------------------------------
     0 | D:1      | pomescollege the Demonspawn Fire Elementalist began the quest for the Orb.
     0 | D:1      | Reached XP level 1. HP: 13/13 MP: 3/3
   673 | D:1      | Reached skill level 3 in Fire Magic
   674 | D:1      | Gained mutation: You have a pair of small horns on your head. [demonic ancestry]
   674 | D:1      | Reached XP level 2. HP: 16/19 MP: 1/5
  1653 | D:1      | Reached XP level 3. HP: 24/24 MP: 6/6
  1658 | D:1      | Learned a level 3 spell: Inner Flame
  1806 | D:2      | Slain by a worm

Skill      XL: |  1 |
---------------+----+-----
Dodging        | 2 |  2.2
Fire Magic     | 3 |  3.1
Maces & Flails | |  0.1
Stealth        | |  1.9
Spellcasting   | |  2.2
Conjurations   | |  1.5

Action                   || total
-------------------------++-------
Melee: Club              ||    93
       Unarmed           ||    12
       Headbutt          ||     9
 Cast: Flame Tongue      ||    20
 Stab: Sleeping          ||     1
  Eat: Chunk             ||     3
Armor: Robe              ||    25
       Ring mail         ||    52
Dodge: Dodged            ||   114
